 Dungeon Crawl Stone Soup version 0.31.0-9-g3a7656b989 (webtiles) character file.

Game seed: 10375108402235565114

39 qw the Shooter (level 3, -4/18 HPs)
             Began as a Spriggan Hunter on Feb 2, 2024.
             Slain by Natasha (7 damage)
             ... on level 2 of the Dungeon.
             The game lasted 00:00:03 (1016 turns).

qw the Shooter (Spriggan Hunter)                    Turns: 1016, Time: 00:00:03

Health: -4/18      AC:  2    Str:  7    XL:     3   Next: 26%
Magic:  4/4        EV: 24    Int: 10    God:
Gold:   104        SH:  0    Dex: 20    Spells: 2/2 levels left

rFire   . . .        a - +0 shortbow
rCold   . . .        (shield currently unavailable)
rNeg    . . .        c - +0 robe
rPois   .            (helmet restricted)
rElec   .            (no cloak)
rCorr   .            (gloves unavailable)
SInv    +            (boots unavailable)
Will    .....        (no amulet)
Stlth   ++           i - +5 ring of evasion
HPRegen 0.23/turn    (no ring)
MPRegen 0.09/turn

%: no passive effects
@: very quick
A: very small, no large weapons, unfitting armour, see invisible, speed 3
a: no special abilities


You were on level 2 of the Dungeon.
You visited 1 branch of the dungeon, and saw 2 of its levels.

You collected 104 gold pieces.


Innate Abilities, Weirdness & Mutations

You are very small and have problems with some larger weapons.
You are too small for most types of armour.
You have supernaturally acute eyesight. (SInv)
You cover ground extremely quickly. (Speed+++)


   Skills:
 - Level 1.5 Fighting
 + Level 4.6 Ranged Weapons
 - Level 4.0 Dodging
 - Level 1.5 Stealth


You had 2 spell levels left.
You didn't know any spells.
Your spell library was empty.

Inventory:

Hand Weapons
 a - a +0 shortbow (weapon)
Armour
 c - a +0 robe (worn)
Jewellery
 i - a +5 ring of evasion (left hand)
Potions
 d - a potion of brilliance {unknown}

Dungeon Overview and Level Annotations

Branches:
Dungeon (2/15)

Altars:

Annotations:
D:2 Natasha


Message History

The jackal barks!
The arrow hits the jackal.
The jackal is severely wounded.
You shoot an arrow. The arrow closely misses the jackal.
The jackal barks!
The arrow hits the jackal.
You kill the jackal!
An endoplasm comes into view.
You shoot an arrow. The arrow hits the jackal.
You kill the jackal!
You shoot an arrow. The arrow barely misses the jackal.
You shoot an arrow. The arrow hits the jackal!
You kill the jackal!
You shoot an arrow.
The arrow hits the endoplasm but does no damage.
You shoot an arrow. The arrow hits the endoplasm!
You kill the endoplasm!
Natasha, Servant of Life and Death comes into view.
Found an orange potion and a scroll labelled OCATYU SUFETHE.
You shoot an arrow. The arrow hits Natasha!
Natasha hisses angrily.
Natasha is severely wounded.
You shoot an arrow. The arrow barely misses Natasha.
You shoot an arrow. The arrow barely misses Natasha.
Natasha casts a spell.
You shoot an arrow. The arrow hits the cerulean imp!
The cerulean imp is severely wounded.
The cerulean imp misses you.
You shoot an arrow.
The arrow closely misses the cerulean imp.
Natasha stares at you and mumbles some strange words.
The magic dart hits you!
Ouch! That really hurt!
The cerulean imp hits you from afar with a +2 spear.
You shoot an arrow.
The arrow closely misses the cerulean imp.
The cerulean imp hits you from afar with a +2 spear.
Natasha claws you!
You die...
Natasha begins licking her fur clean.

...)..%..######.#.#####.
..####..# #......####.
#....# ##......'....
#####..# #.......####.
###......# #.......# #.
..........###.......# #.
##.#####............# #.
.....##............# #.
...!..h@.###.......# #.
....?....# #.......# #.
......5..# #.......# #.
.........# #.####### #.
.........###.##### #.
........###......# #.
........# #......# #.
........# #......# #.
#......# #.


You could see Natasha and a cerulean imp (summoned).

Vanquished Creatures
  A ribbon worm (D:2)
  5 endoplasms
  A giant cockroach (D:1)
  A goblin (D:2)
  A hobgoblin (D:1)
  6 jackals
  4 kobolds (D:1)
  3 quokkas (D:1)
  3 ball pythons
  3 frilled lizards
  2 rats (D:1)
30 creatures vanquished.

Notes
Turn   | Place    | Note
-------+----------+-------------------------------------------
     0 | D:1      | qw the Spriggan Hunter began the quest for the Orb.
     0 | D:1      | Reached XP level 1. HP: 10/10 MP: 2/2
     0 | D:1      | 0 ||| qw: Version: 0.3-a-155-g5e7d8dd
     0 | D:1      | 0 ||| qw: Game counter: 1376
     0 | D:1      | 0 ||| qw: Melee chars always use a shield: true
     0 | D:1      | 0 ||| qw: God list: Okawaru
     0 | D:1      | 0 ||| qw: Allow faded altars: false
     0 | D:1      | 0 ||| qw: Do Orc after clearing Dungeon:15 true
     0 | D:1      | 0 ||| qw: Do second Lair branch before Depths: true
     0 | D:1      | 0 ||| qw: Lair rune preference: random
     0 | D:1      | 0 ||| qw: Goals: Normal
     0 | D:1      | 0 ||| PLANNING D:1-11
    34 | D:1      | Found a faded altar of an unknown god.
    42 | D:1      | Reached skill level 3 in Dodging
   162 | D:1      | Reached XP level 2. HP: 14/14 MP: 3/3
   693 | D:1      | 693 ||| UPGRADING to +5 ring of evasion.
   694 | D:1      | 694 ||| READING scroll labelled JEOROYS RADITE.
   694 | D:1      | 694 ||| ENCHANTING +0 shortbow.
   695 | D:1      | 695 ||| READING scroll labelled TYKHLY KUVECICO.
   696 | D:1      | 696 ||| READING scroll labelled DEUROA PEINI.
   697 | D:1      | 697 ||| READING scroll labelled BEJYIH QERUPIR.
   698 | D:1      | 698 ||| DROPPING scroll of butterflies.
   830 | D:2      | Reached XP level 3. HP: 18/18 MP: 4/4
  1009 | D:2      | Noticed Natasha
  1016 | D:2      | HP: 3/18 [cerulean imp/+2 spear[Natasha] (3)]
  1016 | D:2      | Slain by Natasha

Levels and vault maps discovered:
D:1:      evilmike_arrival_grusome_pit, layout_basic,
          hellmonk_ecumenical_altar_lost_god
D:2:      cheibrodos_greedy_goblins, layout_basic, basic_altar, uniq_natasha

Skill      XL: |  1  2 |
---------------+-------+-----
Dodging        | 3 4 |  4.0
Fighting       | |  1.5
Ranged Weapons | |  4.6
Stealth        | |  1.5

Action                     || total
---------------------------++-------
   Fire: Shortbow          ||    71
    Use: Scroll            ||     4
 Armour: Robe              ||     9
  Dodge: Dodged            ||     5

Table legend:
 A = Non-vault XP
 B = Vault XP
 C = Vault XP percentage of total XP
 D = Non-vault monster count
 E = Vault monster count
 F = Vault count percentage of total count
                 A         B        C        D         E       F
            +---------+---------+-------+---------+---------+-------
      Total |      56 |       0 |   0.0 |      30 |       0 |   0.0
            +---------+---------+-------+---------+---------+-------
        D:1 |      34 |       0 |   0.0 |      20 |       0 |   0.0
        D:2 |      22 |       0 |   0.0 |      10 |       0 |   0.0
            +---------+---------+-------+---------+---------+-------
